Cogmind - Beta 14 @@@ ROGUE MODE // 2024.10.31 @ 11:05:27 Player: SpaceWalrus Result: Destroyed by Y-54 Guardian with Gatling Laser Performance ------------- Evolutions (3) 1500 Regions Visited (5) 1000 Robots Destroyed (88) 440 Value Destroyed (2055) 2055 Prototype IDs (1) 20 Alien Tech Used (0) 0 Bonus (173) 173 TOTAL SCORE: 5188 Bonus ------- High Alert Combat Kills 173 Cogmind --------- Core Integrity 0/700 Matter 255/300 Energy 68/100 System Corruption 20% Temperature Cool (12) Movement Core (50) Location -7/Factory Parts ------- > --- POWER (1) -------- (None) > --- PROPULSION (4) --- (None) > --- UTILITY (6) ------ Structural Scanner Advanced Targeting Computer Hacking Suite > --- WEAPON (2) ------- (None) > --- INVENTORY (5) ---- Cryofiber Web Improved Heat Sink Improved Weapon Shielding Recalibrator Proton Missile Launcher Peak State ------------ > --- POWER ------------ (None) > --- PROPULSION ------- Gravmag System Gravmag System > --- UTILITY ---------- Structural Scanner Advanced Targeting Computer Target Analyzer Improved Medium Armor Plating Hacking Suite Recalibrator > --- WEAPON ----------- Heavy Ion Cannon > --- INVENTORY -------- Cryofiber Web Improved Heat Sink Improved Weapon Shielding Proton Missile Launcher [Rating: 31] Favorites ----------- Power Ion Engine Engine Ion Engine Power Core Light Nuclear Core Propulsion Aluminum Leg Treads Light Treads Leg Aluminum Leg Wheel Wheel Hover Unit Gravmag System Utility Small Storage Unit Device Structural Scanner Storage Small Storage Unit Processor Signal Interpreter Hackware Hacking Suite Protection Light Armor Plating Weapon Bore Cannon Energy Gun EM Pulse Gun Energy Cannon Light EM Pulse Cannon Ballistic Gun Light Assault Rifle Ballistic Cannon Bore Cannon Launcher Shock Bomb Launcher Build | -11 -10 -10 -9 -8 -7 ------- Run | Yrd Mat Min Mat Mat Fac Slots Evolved 6 | . . . 2 2 2 Power . | . . . . . . Propulsion 2 | . . . . 1 1 Utility 4 | . . . 2 1 1 Weapon . | . . . . . . Parts Attached 80 | 6 2 10 21 23 18 Power 7 | 1 . 1 1 2 2 Engine 3 | 1 . 1 1 . . Core 4 | . . . . 2 2 Reactor . | . . . . . . Propulsion 14 | 2 . 1 4 4 3 Treads 1 | . . . . 1 . Leg 7 | 2 . 1 2 2 . Wheel 4 | . . . 2 1 1 Hover 2 | . . . . . 2 Flight . | . . . . . . Utility 26 | 1 2 2 6 6 9 Device 12 | . 1 1 3 4 3 Storage 2 | 1 . . 1 . . Processor 7 | . 1 1 2 1 2 Hackware 2 | . . . . . 2 Protection 3 | . . . . 1 2 Artifact . | . . . . . . Weapon 33 | 2 . 6 10 11 4 Energy Gun 8 | 1 . 2 2 2 1 Energy Cannon 4 | . . . 1 . 3 Ballistic Gun 7 | 1 . 1 4 1 . Ballistic Cannon 7 | . . 1 2 4 . Launcher 7 | . . 2 1 4 . Special Weapon . | . . . . . . Impact Weapon . | . . . . . . Slashing Weapon . | . . . . . . Piercing Weapon . | . . . . . . Special Melee Weapon . | . . . . . . Unidentified Prototypes 1 | . . . 1 . . Corrupted Parts 2 | . . . . . 2 System Corruption 3 | . . . . . 3 Parts Lost 29 | . . . 1 14 14 Power 4 | . . . . 2 2 Propulsion 7 | . . . . 4 3 Utility 9 | . . . . 4 5 Weapon 9 | . . . 1 4 4 Highest Loss Streak 8 | . . . 1 4 8 To Critical Strikes . | . . . . . . Average Slot Usage (%) 90 | . 100 99 98 83 42 Engine 8 | . 14 14 11 . . Core 1 | . . . . 6 1 Leg 17 | . 28 28 20 2 . Wheel 4 | . . . 1 14 1 Device 9 | . 5 6 18 10 6 Storage 11 | . 14 14 11 9 3 Processor 11 | . 9 6 14 17 10 Protection 1 | . . . . 4 2 Energy Gun 9 | . 14 11 6 8 . Energy Cannon 1 | . . . 5 . 3 Ballistic Gun 3 | . 14 3 3 . . Ballistic Cannon 7 | . . 12 5 4 1 Peak Build Rating 31 | 6 7 12 18 27 31 Average Rating 13 | 4 7 10 13 20 18 On Entrance 8 | . 6 7 11 15 14 Naked Turns . | . . . . . . Heaviest Build 34 | 13 14 23 24 34 21 Greatest Support 30 | 20 20 20 20 30 18 Greatest Overweight (x) 8 | 1 . 1 1 8 6 Average Overweight (x) . | . . . . 1 1 Largest Inventory Capacity 10 | 8 8 8 10 10 10 Average Capacity 8 | 7 8 8 8 10 7 Most Carried 10 | 5 7 8 10 10 10 Average Carried 7 | 2 5 7 7 9 6 Final Capacity 10 | 8 8 8 10 10 5 Final Carried 10 | 3 7 7 10 10 5 Class Distribution -------------------- 75% | Mutant 16% | Scavenger-Mutant 8% | Skirmisher Dominant Class ---------------- Mutant | -10/Materials Mutant | -10/Mines Scavenger-Mutant | -9/Materials Mutant | -8/Materials Mutant | -7/Factory Resources | -11 -10 -10 -9 -8 -7 ----------- Run | Yrd Mat Min Mat Mat Fac Matter Collected 1581 | 274 32 193 533 502 47 Remotely . | . . . . . . Salvage Created 3069 | 169 148 219 871 1560 102 Parts 210 | 8 12 25 56 98 11 Haulers Intercepted 5 | . 1 . 1 3 . Recyclers Shooed 4 | . . . 1 3 . Parts Field Recycled . | . . . . . . Retrieved Matter . | . . . . . . Parts Self-Destructed . | . . . . . . Prevented . | . . . . . . Kills | -11 -10 -10 -9 -8 -7 ------- Run | Yrd Mat Min Mat Mat Fac Combat Hostiles Destroyed 51 | . 1 8 20 20 2 Guns 15 | . 1 2 3 9 . Cannons 19 | . . 1 12 4 2 AOE 17 | . . 5 5 7 . Classes Destroyed 13 | 2 4 2 2 2 1 Worker 4 | . 1 . 1 2 . Builder 9 | . . 5 . 4 . Tunneler 5 | 3 . 1 . 1 . Hauler 5 | . 1 . 1 3 . Recycler 5 | 1 . . 1 3 . Mechanic 1 | . . . . 1 . Operator 3 | . . . 1 2 . Watcher 5 | . 1 . 1 3 . Swarmer 16 | . . 6 6 4 . Grunt 23 | . 1 2 12 8 . Sentry 7 | . . . 2 5 . Hunter 3 | . . . . 3 . Programmer 2 | . . . . . 2 Best Kill Streak 7 | 3 2 4 6 7 1 Combat Bots Only 6 | . 1 3 6 5 1 Max Kills in Single Turn 3 | 1 1 3 2 3 1 Gunslinging . | . . . . . . Exploded 3 | . . 2 2 3 . Melee . | . . . . . . Uniques/NPCs Destroyed . | . . . . . . Combat | -11 -10 -10 -9 -8 -7 -------- Run | Yrd Mat Min Mat Mat Fac Hostile Shots Fired 443 | . 19 41 52 163 168 Missed 139 | . 6 11 9 59 54 Damage Taken 4102 | . 118 308 489 1539 1648 Core 1293 | . 47 72 142 332 700 Absorbed by Shields . | . . . . . . Regen/Repaired (Parts) 117 | . . . 117 . . Core Remaining (%) 63 | 100 . 52 64 39 . Volleys Fired 229 | 14 14 35 51 93 22 Largest 2 | 2 2 2 2 2 2 Hottest 122 | 60 60 97 97 122 115 Shots Fired 344 | 28 28 48 80 134 26 Gun 191 | 28 28 17 35 79 4 Cannon 128 | . . 27 42 37 22 Launcher 25 | . . 4 3 18 . Special . | . . . . . . Kinetic 145 | 14 14 39 38 39 1 Thermal 72 | . . . . 60 12 Explosive 7 | . . 4 3 . . Electromagnetic 120 | 14 14 5 39 35 13 Robot Hit Streak 14 | 3 4 13 14 9 6 Robot Miss Streak 10 | 2 3 10 4 6 4 Penetration Max 1 | . . . . 1 . Secondary Targets . | . . . . . . Shots Hit Robots 196 | 15 13 22 48 80 18 Core Hits 124 | 5 5 17 28 62 7 Critical Kills 11 | . . 5 3 3 . Critical Parts Destroyed 10 | . . 3 . 7 . Critical Strikes 26 | . . 8 5 13 . Destroy 21 | . . 8 3 10 . Corrupt 5 | . . . 2 3 . Melee Attacks . | . . . . . . Impact . | . . . . . . Slashing . | . . . . . . Piercing . | . . . . . . Sneak Attacks . | . . . . . . Combat Hostiles . | . . . . . . Follow-up Attacks . | . . . . . . Damage Inflicted 5313 | 171 220 647 1385 2478 412 Guns 1686 | 171 182 92 260 972 9 Cannons 1368 | . . 210 567 325 266 Explosions 2122 | . 38 345 558 1181 . Melee . | . . . . . . Ramming 137 | . . . . . 137 Kinetic 1063 | 67 68 292 282 354 . Thermal 1273 | . 38 . 162 842 231 Explosive 741 | . . 345 396 . . Electromagnetic 2099 | 104 114 10 545 1282 44 Impact . | . . . . . . Slashing . | . . . . . . Piercing . | . . . . . . Highest Corruption 20 | . . . . . 20 Average Corruption 14 | . . . . . 14 Corruption Purged . | . . . . . . Corruption Blocked . | . . . . . . Effects 15 | . . . . . 15 Message Errors 3 | . . . . . 3 Matter Fused 2 | . . . . . 2 Heat Flow Errors 2 | . . . . . 2 Energy Discharges 2 | . . . . . 2 Data Loss (minor) 2 | . . . . . 2 Alerts 1 | . . . . . 1 Misdirections 2 | . . . . . 2 Weapon Failures 1 | . . . . . 1 Overload Shots . | . . . . . . Overflow Damage 131 | . . 36 54 31 10 Projectiles 27 | . . . 17 . 10 Explosions 104 | . . 36 37 31 . Melee . | . . . . . . Knockbacks 4 | . . 1 . 3 . Impact . | . . . . . . Kinetic 4 | . . 1 . 3 . Secondary . | . . . . . . Self-Inflicted Damage 106 | . . . . 55 51 Shots 7 | . . . . 7 . Rammed 59 | . . . . . 59 Targets Rammed 59 | . . . . . 59 Kicked . | . . . . . . Crushed . | . . . . . . Highest Temperature 319 | 40 52 319 147 312 219 Average Temperature 68 | 19 23 98 35 91 69 Received Heat Transfer 978 | . 21 117 189 585 66 Effects 5 | . . 3 . 2 . Interference 5 | . . 3 . 2 . Siege Activations . | . . . . . . Robots Corrupted 1 | . . . . 1 . Combat Hostiles . | . . . . . . Parts Fried 5 | . . . 1 4 . Impact Corruptions . | . . . . . . Robots Melted . | . . . . . . Combat Hostiles . | . . . . . . Parts Melted 1 | . . . . . 1 Heat Transferred 2242 | . 50 . 200 1733 259 Parts Sabotaged . | . . . . . . Parts Stolen . | . . . . . . Parts Stripped . | . . . . . . Power Chain Reactions 8 | . 1 . 4 3 . Alert | -11 -10 -10 -9 -8 -7 ------- Run | Yrd Mat Min Mat Mat Fac Peak Influence 639 | 20 84 125 567 639 291 Initial 290 | . 13 32 33 193 290 Average 181 | 8 50 39 191 408 268 Maximum Alert Level 2 | . . . 2 2 1 Low Security (%) 61 | 100 100 100 74 2 . Level 1 20 | . . . 4 43 100 Level 2 17 | . . . 21 53 . Level 3 . | . . . . . . Level 4 . | . . . . . . Level 5 . | . . . . . . High Security . | . . . . . . Max Security . | . . . . . . Squads Dispatched 8 | . . . 3 4 1 Investigation 2 | . . . 1 1 . Extermination 1 | . . . . . 1 Reinforcement 5 | . . . 2 3 . Assault . | . . . . . . Garrison . | . . . . . . Intercept . | . . . . . . Searches Triggered . | . . . . . . Construction Impeded 3 | . . . 1 2 . Haulers Reinforced . | . . . . . . Active Scanning Responses . | . . . . . . Cargo Convoy Interrupts . | . . . . . . Stealth | -11 -10 -10 -9 -8 -7 --------- Run | Yrd Mat Min Mat Mat Fac Distress Signals 8 | . . . 2 3 3 Communications Jammed . | . . . . . . Distress Signals . | . . . . . . Times Spotted 96 | . 10 8 30 39 9 Peak Tracking Total 9 | . 9 3 4 6 5 Tactical Retreats 9 | . . . 3 5 1 Traps | -11 -10 -10 -9 -8 -7 ------- Run | Yrd Mat Min Mat Mat Fac Traps Triggered . | . . . . . . Indirectly . | . . . . . . Trap Hack Attempts . | . . . . . . Triggered . | . . . . . . Disarmed . | . . . . . . Reprogrammed . | . . . . . . Reused . | . . . . . . Traps Extracted . | . . . . . . Installed . | . . . . . . Triggered . | . . . . . . Machines | -11 -10 -10 -9 -8 -7 ---------- Run | Yrd Mat Min Mat Mat Fac Machines Disabled 7 | . . . 2 3 2 Max in Single Turn 1 | . . . 1 1 1 Garrison Access 1 | . . . . . 1 Machines Repaired . | . . . . . . Machines Dismantled . | . . . . . . Machines Sabotaged . | . . . . . . Overloaded Fab Kills . | . . . . . . Hacking | -11 -10 -10 -9 -8 -7 --------- Run | Yrd Mat Min Mat Mat Fac Machines Accessed 7 | . 2 . 2 2 1 Terminals 5 | . 2 . 1 2 . Fabricators . | . . . . . . Repair Stations 1 | . . . 1 . . Recycling Units . | . . . . . . Scanalyzers . | . . . . . . Garrison Access 1 | . . . . . 1 Total Hacks 14 | . 2 . 6 3 3 Successful 8 | . 2 . 4 1 1 Failed 6 | . . . 2 2 2 Catastrophic . | . . . . . . Database Lockouts . | . . . . . . Manual . | . . . . . . Terminals 7 | . 2 . 2 3 . Fabricators . | . . . . . . Repair Stations 4 | . . . 4 . . Recycling Units . | . . . . . . Scanalyzers . | . . . . . . Garrison Access 3 | . . . . . 3 Terminal Hacks 5 | . 2 . 2 1 . Alert Level 3 | . 1 . 1 1 . Dispatch Records 1 | . . . 1 . . Assault Status 1 | . 1 . . . . Fabricator Hacks . | . . . . . . Repair Station Hacks 2 | . . . 2 . . Scan Component 1 | . . . 1 . . Repair 1 | . . . 1 . . Recycling Unit Hacks . | . . . . . . Scanalyzer . | . . . . . . Garrison Access Hacks 1 | . . . . . 1 Seal Access 1 | . . . . . 1 Unauthorized Hacks . | . . . . . . Terminals . | . . . . . . Fabricators . | . . . . . . Repair Stations . | . . . . . . Recycling Units . | . . . . . . Scanalyzers . | . . . . . . Garrison Access . | . . . . . . Data Cores Recovered 1 | . . . . 1 . Used . | . . . . . . Hacking Detections 4 | . 1 . 1 1 1 Full Trace Events 1 | . . . 1 . . Feedback Events . | . . . . . . Feedback Blocked . | . . . . . . Robot Schematics Acquired . | . . . . . . Robots Built . | . . . . . . Authchips . | . . . . . . Time . | . . . . . . Total Robot Build Rating . | . . . . . . Part Schematics Acquired . | . . . . . . Parts Built . | . . . . . . Authchips . | . . . . . . Time . | . . . . . . Total Part Build Rating . | . . . . . . Parts Repaired 1 | . . . 1 . . Time 50 | . . . 50 . . Parts Recycled . | . . . . . . Recycled Matter . | . . . . . . Retrieved Matter . | . . . . . . Retrieved Components . | . . . . . . Parts Scanalyzed . | . . . . . . Part Schematics Acquired . | . . . . . . Parts Damaged . | . . . . . . Bothacking | -11 -10 -10 -9 -8 -7 ------------ Run | Yrd Mat Min Mat Mat Fac Used RIF Installer . | . . . . . . Robots Hacked . | . . . . . . Non-combat . | . . . . . . Combat . | . . . . . . Robot Hacks Applied . | . . . . . . Relay Couplers Released . | . . . . . . Fabnet Peak Effective % . | . . . . . . Robots Rewired . | . . . . . . Allies Hacked . | . . . . . . Hacks Repelled . | . . . . . . Allies | -11 -10 -10 -9 -8 -7 -------- Run | Yrd Mat Min Mat Mat Fac Total Allies . | . . . . . . Largest Group . | . . . . . . Highest-Rated Group . | . . . . . . Highest-Rated Ally . | . . . . . . Total Orders . | . . . . . . Ally Attacks . | . . . . . . Total Damage . | . . . . . . Kills . | . . . . . . Allies Corrupted . | . . . . . . Allies Melted . | . . . . . . Intel | -11 -10 -10 -9 -8 -7 ------- Run | Yrd Mat Min Mat Mat Fac Robot Analysis Total . | . . . . . . Derelict Logs Recovered 2 | . . 2 . . . Drone Launches . | . . . . . . Drone Recoveries . | . . . . . . Exploration | -11 -10 -10 -9 -8 -7 ------------- Run | Yrd Mat Min Mat Mat Fac Turns Passed 4524 | 118 278 1757 825 1176 370 Spaces Moved 2400 | 66 192 961 379 617 185 Core 127 | 21 . . . 50 56 Treads 64 | . . . . 64 . Legs 1562 | 45 192 961 324 40 . Wheels 538 | . . . 55 463 20 Hover 109 | . . . . . 109 Flight . | . . . . . . Fastest Speed 50 | 50 120 120 80 80 50 Average Speed 145 | 98 120 168 154 128 107 Slowest Speed 450 | 120 120 190 190 450 350 Overloaded Moves . | . . . . . . Propulsion Burnouts . | . . . . . . Robots Hopped . | . . . . . . Cave-ins Triggered . | . . . . . . Exploration Rate (%) 37 | 4 34 98 39 43 5 Regions Visited 5 Branch Regions 1 Pre-discovered Areas . | . . . . . . Known Exits Taken 2 | . . . 1 1 . Unknown Exits Taken 3 | 1 1 1 . . . Scrap Searched 1 | . . 1 . . . Spaces Dug 8 | . . . 4 4 . Terrain Destroyed 125 | . 2 44 43 35 1 Melee . | . . . . . . Projectile 46 | . . 17 6 22 1 AOE 79 | . 2 27 37 13 . Terrain Rammed . | . . . . . . Walls Destroyed . | . . . . . . Machines Disabled . | . . . . . . Actions | -11 -10 -10 -9 -8 -7 --------- Run | Yrd Mat Min Mat Mat Fac Total 3085 | 93 214 1058 536 869 315 Wait 227 | . . 39 59 105 24 Move 2395 | 65 191 960 378 616 185 Hop . | . . . . . . Pick Up 57 | 8 6 6 16 19 2 Fast Attach 17 | 1 . 1 1 3 11 Attach 30 | 5 1 2 8 8 6 Detach 1 | . . . . . 1 Swap 33 | . 1 7 12 12 1 Drop 36 | . 1 8 11 13 3 Fire 229 | 14 14 35 51 93 22 Melee . | . . . . . . Ram 60 | . . . . . 60 Kick . | . . . . . . Crush . | . . . . . . Escape Stasis . | . . . . . . Rewire . | . . . . . . Trap . | . . . . . . Miscellaneous . | . . . . . . Route ------- -11/Scrapyard -10/Materials -10/Mines (discovered 2 exits: *Mat x2) -9/Materials (discovered 3 exits: *Mat x2 / Min) -8/Materials (discovered 2 exits: *Fac / [*Sto]) -7/Factory History --------- Turn | Location | Event 8 | -11/Scrapyard | Discovered new exit (range 14) 119 | -11/Scrapyard | Entered Materials 314 | -10/Materials | Build established: Mutant 318 | -10/Materials | Discovered new exit (range 16) 397 | -10/Materials | Entered Mines 428 | -10/Mines | Met a Derelict bent on vengeance 500 | -10/Mines | A weapon hastily lodged in a ceiling crevice suddenly fell to the ground 755 | -10/Mines | Found DCF Scrap (13 items) 891 | -10/Mines | Learned Materials trap positions 931 | -10/Mines | Learned location of 2 exits from Materials 1493 | -10/Mines | Discovered new exit (range 9) 1756 | -10/Mines | Discovered new exit (range 5) 2154 | -10/Mines | Entered Materials 2154 | -9/Materials | Evolved 2 slots: Utility x2 2155 | -9/Materials | Identified exit to Mines 2155 | -9/Materials | Identified exit to Materials 2156 | -9/Materials | Loaded intel: 17 trap records 2446 | -9/Materials | Build established: Skirmisher 2575 | -9/Materials | Repaired Bore Cannon 2849 | -9/Materials | Build established: Scavenger-Mutant 2976 | -9/Materials | Discovered exit to Materials (range 3) 2979 | -9/Materials | Entered another Materials area 2979 | -8/Materials | Evolved 2 slots: Propulsion x1, Utility x1 3332 | -8/Materials | Discovered new exit (range 14) 3505 | -8/Materials | Build established: Mutant 3702 | -8/Materials | Lost 4 parts (1p2n1w) 3967 | -8/Materials | Lost 3 parts (1p1n1w) 3982 | -8/Materials | Core integrity fell below 50% 4012 | -8/Materials | Lost 3 parts (2u1w) 4080 | -8/Materials | Discovered new exit (range 12) 4142 | -8/Materials | Identified exit to Factory 4155 | -8/Materials | Entered Factory 4155 | -7/Factory | Evolved 2 slots: Propulsion x1, Utility x1 4321 | -7/Factory | System corruption reached 10% 4330 | -7/Factory | Core integrity fell below 50% 4363 | -7/Factory | Lost 8 parts (1p1n3u3w) 4516 | -7/Factory | Core integrity fell below 20% 4525 | -7/Factory | Destroyed by Y-54 Guardian with Gatling Laser Last Messages --------------- Acquired Gravmag System. System corrupted: Matter fused (-5). Acquired Imp. Medium Armor Plating. Mic. Nuclear Core destroyed. Discarded Broken Imp. Signal Interpreter. System corrupted: IFF burst signal emitted. W-25 Informer sends out distress signal. Acquired Proton Missile Launcher. Acquired Recalibrator. Gravmag System destroyed. Connecting with Garrison Access... >>Seal Access door sealed. System corrupted: Heat flow error (+134). Gravmag System destroyed. W-25 Informer sends out distress signal. System corrupted: Energy discharge (-23). Dropped Hvy. Ion Cannon. Dropped Imp. Medium Armor Plating. Target Analyzer destroyed. Map ----- +----------------------------------------------------+ | ??????????????????????###"########???# #????? | | ??????????????????????### ########???# #????? | | ???????????????????????## ##?????????# #????? | | ???????????????????????## ##?????????########????? | | ???????????????????????## ##?????????????????????? | | ????????????????????? ### #####??????????????????? | | ????????????????????? ###+#####??????????????????? | | ????????????????????? # ##??????????????????? | | ????????????????????? #= ##??????????????????? | | ????????????????????? # "" ##??????????????????? | | ?????????????????? ?? # "G ##??????????????????? | | ???????????????????" # "" ##??????????????????? | | ???????????????????? # ##??????????????????? | | ????????????????????#w####Y####??????????????????? | | ????????????????????# ### ########?????????????? | | ????????????????????# p ??????? | | ????????????????????# Y########?????????????? | | ????????????????????# !##???????????????????? | | ????????????????????# ##???????????????????? | | ????????????????????# ##???????????????????? | | ????????????????????# ##???????????????????? | | ????????????????????# ##???????????????????? | | ????????????????????# ##???????????????????? | | ???????????????????## ##???????????????????? | | ???????????????????## ##???????????????????? | | ???????????????????## @ ##???????????????????? | | ???????????????????## #????????????????????? | | ????????????????? #????????????????????? | | ??????????????# #????????????????????? | | ??????????????# #????????????????????? | | ????????????? #????????????????????? | | ????????????############# #????????????????????? | | ????????????????????????#####????????????????????? | | ?????????????????????????????????????????????????? | | ?????????????????????????????????????????????????? | | ?????????????????????????????????????????????????? | | ?????????????????????????????????????????????????? | | ?????????????????????????????????????????????????? | | ?????????????????????????????????????????????????? | | ?????????????????????????????????????????????????? | | ?????????????????????????????????????????????????? | | ?????????????????????????????????????????????????? | | ?????????????????????????????????????????????????? | | ?????????????????????????????????????????????????? | | ?????????????????????????????????????????????????? | | ?????????????????????????????????????????????????? | | ?????????????????????????????????????????????????? | | ?????????????????????????????????????????????????? | | ?????????????????????????????????????????????????? | | ?????????????????????????????????????????????????? | +----------------------------------------------------+ Best States ------------- Heat Dissipation 45 Energy Generation 15 Energy Capacity 250 Matter Stores 300 Matter Capacity 300 Sight Range 16 Robot Scan Range 15 Terrain Scan Density 10 Armor Coverage 225 Weapon Shielding 66 Weapon Cycling 15 Evasion (%) 55 Targeting Accuracy 8 Target Analysis 5 Recoil Reduction 1 Offensive Hacking 20 Item Schematics ----------------- None Robot Schematics ------------------ None Fabricated ------------ Nothing Alien Tech Used ----------------- None Achievements -------------- None Challenges ------------ None Game ------ Seed SalvagingRelayFlightbrick Manual? 0 Play Time 00:36:20 Cumulative 42.4 hours Start 2024.10.31 @ 10:28:56 End 2024.10.31 @ 11:05:27 Sessions 1 Manual Loads 0 Difficulty Rogue Special Mode None Game No. 56 Rogue 56 Adventurer 0 Explorer 0 Win Type - Total 0 Types 0/0/0/0/0/0/0/0/0 Lore% 20 Gallery% 41 Achievement% 27 Wizard Run 0 Options --------- Layout 1 ASCII 0 Keyboard 0 Movement Numpad Keybinds 0 Fullscreen 1 Font 24/Smallcaps Map View 50x40 Zoom Use 0% Tactical HUD 0 Map Filters NONE Filters NONE Steam 1 RUN: bf75d585-4907-4940-897a-5a67bc877dba